1769 views
Uploaded 2023-07-18 16:00:33
Game version 1.36 (6115)
26:05 long 4on4 ladder game on (8)EkrezemsMaze_S2_v1.1
Saved by TimeHider
1769 views
Uploaded 2023-07-18 16:00:33
Game version 1.36 (6115)
26:05 long 4on4 ladder game on (8)EkrezemsMaze_S2_v1.1


191 units @ 28.1k
/ 4.7k
75 buildings @ 12.8k
/ 5.2k

| Healing Salve | 2 | 200 |
| Scroll of Town Portal | 2 | 700 |
| total: | 4 | 900g |
| Peon | 11 | 825 | / | 0 |
| Grunt | 6 | 1200 | / | 0 |
| Troll Headhunter | 20 | 2800 | / | 400 |
| Troll Witch Doctor | 6 | 870 | / | 150 |
| Shaman | 1 | 130 | / | 20 |
| total: | 44 | 5825g | / | 570w |
| Watch Tower | 10 | 1100 | / | 800 |
| Altar of Storms | 1 | 180 | / | 50 |
| Orc Burrow | 5 | 800 | / | 200 |
| Barracks | 1 | 180 | / | 50 |
| War Mill | 1 | 205 | / | 0 |
| Voodoo Lounge | 2 | 260 | / | 60 |
| Great Hall | 2 | 770 | / | 370 |
| Spirit Lodge | 2 | 300 | / | 300 |
| Stronghold | 1 | 315 | / | 190 |
| Fortress | 1 | 325 | / | 190 |
| total: | 24 | 3795g | / | 1830w |
| 0:04 | Peon |
| 0:04 | Peon |
| 0:04 | Peon |
| 0:09 | Altar of Storms |
| 0:23 | Orc Burrow |
| 0:38 | Barracks |
| 0:55 | Peon |
| 1:11 | War Mill |
| 1:21 | Peon |
| 1:37 | Orc Burrow |
| 1:42 | Peon |
| 2:02 | Grunt |
| 2:15 | Wind Walk |
| 2:23 | Grunt |
| 2:29 | Peon |
| 3:01 | Stronghold |
| 3:39 | Watch Tower |
| 3:42 | Grunt |
| 3:49 | Voodoo Lounge |
| 4:10 | Orc Burrow |
| 4:23 | Critical Strike |
| 4:30 | Troll Headhunter |
| 4:31 | Troll Headhunter |
| 4:35 | Spiked Barricades |
| 4:40 | Watch Tower |
| 5:00 | Watch Tower |
| 5:04 | Orc Burrow |
| 5:47 | Fortress |
| 5:55 | Healing Salve |
| 6:14 | Troll Headhunter |
| 6:21 | Watch Tower |
| 6:54 | Watch Tower |
| 6:57 | Troll Headhunter |
| 6:57 | Troll Headhunter |
| 7:38 | Watch Tower |
| 8:11 | Critical Strike |
| 8:13 | Scroll of Town Portal |
| 8:20 | Spirit Lodge |
| 8:55 | Peon |
| 8:55 | Peon |
| 8:55 | Peon |
| 9:07 | Spirit Lodge |
| 9:09 | Troll Headhunter |
| 9:12 | Peon |
| 9:34 | Troll Witch Doctor |
| 9:37 | Witch Doctor Adept Training |
| 10:03 | Grunt |
| 10:33 | Troll Headhunter |
| 10:38 | Watch Tower |
| 10:41 | Watch Tower |
| 10:54 | Witch Doctor Master Training |
| 10:58 | Watch Tower |
| 11:07 | Voodoo Lounge |
| 11:24 | Troll Headhunter |
| 11:28 | Troll Witch Doctor |
| 11:58 | Shaman Adept Training |
| 12:02 | Troll Headhunter |
| 12:20 | Scroll of Town Portal |
| 12:35 | Troll Witch Doctor |
| 12:40 | Troll Headhunter |
| 13:00 | Grunt |
| 13:28 | Shaman Master Training |
| 13:29 | Shaman |
| 13:59 | Grunt |
| 14:00 | Troll Headhunter |
| 14:54 | Great Hall |
| 15:01 | Mirror Image |
| 15:23 | Watch Tower |
| 15:27 | Troll Headhunter |
| 15:27 | Troll Headhunter |
| 15:27 | Troll Headhunter |
| 15:39 | Troll Witch Doctor |
| 16:08 | Troll Headhunter |
| 16:10 | Troll Witch Doctor |
| 16:38 | Troll Headhunter |
| 16:38 | Troll Headhunter |
| 16:39 | Berserker Upgrade |
| 17:14 | Troll Headhunter |
| 17:15 | Troll Witch Doctor |
| 17:38 | Healing Salve |
| 17:53 | Troll Headhunter |
| 17:53 | Troll Headhunter |
| 18:00 | Orc Burrow |
| 18:57 | Great Hall |
| Right click | 418 |
| Select | 337 |
| Build/train/purchase | 78 |
| Use ability | 22 |
| Remove unit | 2 |
| Misc. action | 1 |
| Minimap ping | 1 |



| Lesser Clarity Potion | 6 | 420 |
| Tiny Great Hall | 1 | 600 |
| Healing Salve | 4 | 400 |
| Potion of Healing | 3 | 450 |
| Potion of Mana | 2 | 400 |
| Scroll of Town Portal | 5 | 1750 |
| total: | 21 | 4020g |
| Peon | 15 | 1125 | / | 0 |
| Grunt | 4 | 800 | / | 0 |
| Troll Headhunter | 9 | 1260 | / | 180 |
| Troll Berserker | 12 | 1680 | / | 240 |
| Kodo Beast | 2 | 510 | / | 120 |
| Wind Rider | 3 | 795 | / | 120 |
| Troll Batrider | 8 | 1280 | / | 320 |
| Troll Witch Doctor | 2 | 290 | / | 50 |
| Forest Troll Berserker | 1 | 245 | / | 30 |
| Forest Troll Shadow Priest | 1 | 195 | / | 10 |
| total: | 57 | 8180g | / | 1070w |
| Altar of Storms | 1 | 180 | / | 50 |
| Orc Burrow | 9 | 1440 | / | 360 |
| Barracks | 2 | 360 | / | 100 |
| War Mill | 1 | 205 | / | 0 |
| Voodoo Lounge | 1 | 130 | / | 30 |
| Beastiary | 2 | 290 | / | 280 |
| Spirit Lodge | 1 | 150 | / | 150 |
| Stronghold | 1 | 315 | / | 190 |
| Fortress | 1 | 325 | / | 190 |
| total: | 17 | 2755g | / | 970w |
| 0:02 | Peon |
| 0:03 | Peon |
| 0:06 | Altar of Storms |
| 0:15 | Orc Burrow |
| 0:27 | Barracks |
| 0:36 | Peon |
| 0:51 | Peon |
| 1:11 | War Mill |
| 1:17 | Peon |
| 1:32 | Voodoo Lounge |
| 1:56 | Orc Burrow |
| 2:05 | Grunt |
| 2:11 | Feral Spirit |
| 2:35 | Grunt |
| 3:02 | Peon |
| 3:27 | Stronghold |
| 3:27 | Grunt |
| 3:35 | Troll Headhunter |
| 3:41 | Orc Burrow |
| 3:43 | Orc Burrow |
| 4:05 | Troll Headhunter |
| 4:06 | Troll Headhunter |
| 4:30 | Chain Lighting |
| 4:33 | Forest Troll Berserker |
| 4:36 | Forest Troll Shadow Priest |
| 5:03 | Troll Headhunter |
| 5:03 | Troll Headhunter |
| 5:42 | Feral Spirit |
| 5:57 | Grunt |
| 6:05 | Orc Burrow |
| 6:13 | Troll Regeneration |
| 6:15 | Fortress |
| 6:17 | Reinforced Defenses |
| 6:49 | Troll Headhunter |
| 7:04 | Chain Lighting |
| 7:38 | Troll Headhunter |
| 8:28 | Troll Headhunter |
| 8:54 | Troll Headhunter |
| 8:58 | Steel Ranged Weapons |
| 9:34 | Healing Wave |
| 9:41 | Lesser Clarity Potion |
| 9:53 | Tiny Great Hall |
| 10:22 | Scroll of Town Portal |
| 10:30 | Peon |
| 10:41 | Berserker Upgrade |
| 10:54 | Peon |
| 11:11 | Peon |
| 11:11 | Peon |
| 11:11 | Peon |
| 11:12 | Peon |
| 11:43 | Troll Berserker |
| 12:00 | Feral Spirit |
| 12:13 | Beastiary |
| 12:20 | Peon |
| 12:42 | Lesser Clarity Potion |
| 12:43 | Scroll of Town Portal |
| 13:18 | War Stomp |
| 13:23 | Serpent Ward |
| 13:27 | Kodo Beast |
| 13:30 | Barracks |
| 13:33 | Peon |
| 13:35 | Steel Armor |
| 13:49 | Lesser Clarity Potion |
| 13:49 | Lesser Clarity Potion |
| 13:50 | Healing Salve |
| 13:51 | Potion of Healing |
| 13:51 | Potion of Mana |
| 14:47 | Troll Berserker |
| 14:48 | Kodo Beast |
| 15:30 | Troll Berserker |
| 15:31 | War Drums Damage Increase |
| 15:39 | Beastiary |
| 16:08 | Scroll of Town Portal |
| 16:08 | Lesser Clarity Potion |
| 16:09 | Healing Salve |
| 16:10 | Potion of Healing |
| 16:20 | Wind Rider |
| 16:22 | Troll Berserker |
| 16:25 | Thorium Armor |
| 17:17 | Troll Berserker |
| 17:17 | Troll Berserker |
| 17:20 | Wind Rider |
| 17:29 | Orc Burrow |
| 17:53 | Arcanite Armor |
| 17:59 | Wind Rider |
| 18:04 | Orc Burrow |
| 19:15 | Troll Berserker |
| 19:17 | Troll Batrider |
| 19:27 | Orc Burrow |
| 19:44 | Spirit Lodge |
| 19:47 | Peon |
| 19:55 | Troll Batrider |
| 19:57 | Troll Berserker |
| 19:59 | Troll Berserker |
| 20:14 | Scroll of Town Portal |
| 20:26 | Troll Batrider |
| 20:35 | Orc Burrow |
| 21:07 | Chain Lighting |
| 21:09 | Troll Berserker |
| 21:10 | Troll Batrider |
| 21:17 | Troll Witch Doctor |
| 22:05 | Troll Batrider |
| 22:05 | Troll Berserker |
| 23:01 | Healing Wave |
| 23:31 | Healing Salve |
| 23:31 | Lesser Clarity Potion |
| 23:38 | Scroll of Town Portal |
| 23:42 | Healing Salve |
| 23:44 | Potion of Healing |
| 23:44 | Potion of Mana |
| 23:49 | Witch Doctor Adept Training |
| 23:49 | Troll Witch Doctor |
| 23:53 | Liquid Fire |
| 23:53 | Troll Batrider |
| 24:14 | Troll Berserker |
| 24:16 | Troll Batrider |
| 24:19 | Thorium Ranged Weapons |
| 24:51 | Troll Batrider |
| 25:04 | Witch Doctor Master Training |
| 25:37 | Endurance Aura |
| Select group | 484 |
| Right click | 300 |
| Select | 274 |
| Misc. action | 172 |
| Build/train/purchase | 155 |
| Use ability | 76 |
| Assign group | 53 |
| Item give/drop | 4 |
| Esc | 1 |



| Healing Salve | 4 | 400 |
| Lesser Clarity Potion | 6 | 420 |
| Scroll of Speed | 2 | 100 |
| Orb of Lightning | 2 | 750 |
| Potion of Healing | 1 | 150 |
| Potion of Mana | 4 | 800 |
| Scroll of Town Portal | 4 | 1400 |
| total: | 23 | 4020g |
| Peon | 17 | 1275 | / | 0 |
| Troll Headhunter | 9 | 1260 | / | 180 |
| Spirit Walker | 8 | 1560 | / | 280 |
| Tauren | 13 | 3640 | / | 1040 |
| Troll Berserker | 2 | 280 | / | 40 |
| total: | 49 | 8015g | / | 1540w |
| Altar of Storms | 2 | 360 | / | 100 |
| Orc Burrow | 9 | 1440 | / | 360 |
| War Mill | 1 | 205 | / | 0 |
| Barracks | 1 | 180 | / | 50 |
| Voodoo Lounge | 1 | 130 | / | 30 |
| Great Hall | 2 | 770 | / | 370 |
| Tauren Totem | 2 | 270 | / | 310 |
| Stronghold | 1 | 315 | / | 190 |
| Fortress | 2 | 650 | / | 380 |
| total: | 18 | 3355g | / | 1220w |
| 0:04 | Peon |
| 0:04 | Peon |
| 0:04 | Peon |
| 0:09 | Altar of Storms |
| 0:21 | Orc Burrow |
| 0:37 | War Mill |
| 0:46 | Peon |
| 0:58 | Peon |
| 1:03 | Peon |
| 1:17 | Barracks |
| 1:20 | Peon |
| 1:30 | Peon |
| 1:40 | Orc Burrow |
| 1:54 | Voodoo Lounge |
| 2:00 | Peon |
| 2:22 | Troll Headhunter |
| 2:27 | Feral Spirit |
| 2:34 | Peon |
| 2:39 | Peon |
| 2:48 | Troll Headhunter |
| 3:19 | Stronghold |
| 3:24 | Troll Headhunter |
| 3:42 | Troll Headhunter |
| 3:53 | Orc Burrow |
| 4:06 | Troll Headhunter |
| 4:10 | Healing Salve |
| 4:10 | Healing Salve |
| 4:23 | Chain Lighting |
| 4:54 | Steel Ranged Weapons |
| 5:08 | Troll Headhunter |
| 5:13 | Great Hall |
| 5:51 | Feral Spirit |
| 6:06 | Troll Regeneration |
| 6:07 | Fortress |
| 6:53 | Troll Headhunter |
| 6:54 | Tauren Totem |
| 7:02 | Lesser Clarity Potion |
| 7:02 | Healing Salve |
| 7:02 | Scroll of Speed |
| 7:04 | Shockwave |
| 8:00 | Peon |
| 8:00 | Peon |
| 8:00 | Peon |
| 8:02 | Peon |
| 8:05 | Tauren Totem |
| 8:15 | Spirit Walker |
| 8:20 | Orc Burrow |
| 8:23 | Orc Burrow |
| 8:24 | Thorium Ranged Weapons |
| 8:34 | Endurance Aura |
| 9:08 | Berserker Upgrade |
| 9:08 | Troll Headhunter |
| 9:12 | Spirit Walker Adept Training |
| 9:26 | Tauren |
| 9:37 | Orc Burrow |
| 9:48 | Troll Headhunter |
| 10:24 | Orb of Lightning |
| 10:40 | Healing Wave |
| 10:44 | Troll Berserker |
| 10:46 | Spirit Walker Master Training |
| 10:49 | Peon |
| 11:03 | Peon |
| 11:07 | Pulverize |
| 11:09 | Tauren |
| 11:53 | Tauren |
| 11:54 | Spirit Walker |
| 11:58 | Chain Lighting |
| 12:40 | Reinforced Defenses |
| 12:45 | Scroll of Town Portal |
| 12:46 | Orb of Lightning |
| 12:46 | Scroll of Speed |
| 12:47 | Potion of Healing |
| 12:51 | Lesser Clarity Potion |
| 12:52 | Lesser Clarity Potion |
| 13:28 | Spirit Walker |
| 13:41 | Steel Armor |
| 13:57 | Tauren |
| 14:00 | Tauren |
| 14:01 | Troll Berserker |
| 14:03 | Orc Burrow |
| 15:12 | Hex |
| 15:15 | Spirit Walker |
| 15:26 | Altar of Storms |
| 15:31 | Scroll of Town Portal |
| 15:42 | Orc Burrow |
| 15:43 | Tauren |
| 15:45 | Spirit Walker |
| 16:21 | Thorium Armor |
| 17:05 | Healing Wave |
| 17:27 | Feral Spirit |
| 17:44 | Tauren |
| 17:50 | Orc Burrow |
| 18:41 | Great Hall |
| 19:09 | Tauren |
| 19:22 | Lesser Clarity Potion |
| 19:30 | Scroll of Town Portal |
| 19:34 | Healing Salve |
| 19:47 | Potion of Mana |
| 19:50 | Spirit Walker |
| 19:51 | Tauren |
| 20:01 | Potion of Mana |
| 20:01 | Potion of Mana |
| 20:11 | Lesser Clarity Potion |
| 20:49 | Spirit Walker |
| 21:01 | Potion of Mana |
| 21:53 | Shockwave |
| 22:56 | Hex |
| 23:10 | Spirit Walker |
| 23:34 | Tauren |
| 23:58 | Tauren |
| 24:08 | Lesser Clarity Potion |
| 24:16 | Scroll of Town Portal |
| 24:25 | Tauren |
| 25:02 | Tauren |
| 25:52 | Earth Quake |
| Select group | 1753 |
| Right click | 1368 |
| Select | 867 |
| Build/train/purchase | 264 |
| Misc. action | 102 |
| Use ability | 93 |
| Assign group | 53 |
| Minimap ping | 23 |
| Esc | 8 |
| Item give/drop | 4 |


| Orb of Venom | 1 | 325 |
| Potion of Healing | 3 | 450 |
| Scroll of Town Portal | 8 | 2800 |
| Healing Salve | 1 | 100 |
| total: | 13 | 3675g |
| Wisp | 15 | 900 | / | 0 |
| Archer | 6 | 780 | / | 60 |
| Druid of the Claw | 12 | 3060 | / | 960 |
| Dryad | 7 | 1015 | / | 420 |
| Goblin Shredder | 1 | 375 | / | 100 |
| total: | 41 | 6130g | / | 1540w |
| Altar of Elders | 1 | 180 | / | 50 |
| Moon Well | 8 | 1440 | / | 320 |
| Ancient of War | 1 | 150 | / | 60 |
| Ancient of Wonders | 1 | 90 | / | 30 |
| Hunter's Hall | 1 | 210 | / | 100 |
| Tree of Life | 1 | 340 | / | 185 |
| Ancient of Lore | 3 | 465 | / | 435 |
| Tree of Ages | 1 | 320 | / | 180 |
| Tree of Eternity | 1 | 330 | / | 200 |
| total: | 16 | 2875g | / | 1180w |
| 0:03 | Wisp |
| 0:03 | Wisp |
| 0:16 | Altar of Elders |
| 0:20 | Moon Well |
| 0:27 | Ancient of War |
| 0:30 | Wisp |
| 1:02 | Wisp |
| 1:03 | Wisp |
| 1:24 | Wisp |
| 1:29 | Archer |
| 1:41 | Moon Well |
| 1:44 | Wisp |
| 1:50 | Wisp |
| 1:54 | Archer |
| 2:05 | Ancient of Wonders |
| 2:23 | Drunken Haze |
| 2:42 | Archer |
| 2:44 | Wisp |
| 2:45 | Wisp |
| 2:49 | Hunter's Hall |
| 3:00 | Archer |
| 3:37 | Tree of Ages |
| 3:42 | Archer |
| 3:58 | Breath of Fire |
| 4:01 | Moon Well |
| 4:31 | Archer |
| 4:50 | Tree of Life |
| 5:08 | Moon Well |
| 5:19 | Moon Well |
| 5:57 | Goblin Shredder |
| 6:11 | Drunken Haze |
| 6:38 | Forked Lightning |
| 7:16 | Scroll of Town Portal |
| 7:21 | Ancient of Lore |
| 7:25 | Wisp |
| 7:27 | Wisp |
| 7:51 | Frost Arrows |
| 7:56 | Healing Salve |
| 8:04 | Wisp |
| 8:04 | Wisp |
| 8:04 | Wisp |
| 8:31 | Ancient of Lore |
| 8:33 | Tree of Eternity |
| 8:49 | Scroll of Town Portal |
| 9:35 | Druid of the Claw Adept Training |
| 9:36 | Strength of the Wild |
| 9:37 | Reinforced Hides |
| 10:04 | Druid of the Claw |
| 10:05 | Druid of the Claw |
| 10:31 | Breath of Fire |
| 10:44 | Improved Strength of the Wild |
| 10:47 | Moon Well |
| 11:00 | Scroll of Town Portal |
| 11:00 | Orb of Venom |
| 11:14 | Druid of the Claw Master Training |
| 11:15 | Druid of the Claw |
| 12:13 | Druid of the Claw |
| 12:24 | Forked Lightning |
| 13:04 | Scroll of Town Portal |
| 13:25 | Potion of Healing |
| 13:32 | Druid of the Claw |
| 13:33 | Advanced Strength of the Wild |
| 13:33 | Improved Reinforced Hides |
| 14:21 | Druid of the Claw |
| 15:10 | Druid of the Claw |
| 15:29 | Dryad |
| 15:34 | Dryad |
| 16:39 | Dryad |
| 17:24 | Drunken Haze |
| 17:32 | Druid of the Claw |
| 17:35 | Scroll of Town Portal |
| 17:45 | Advanced Reinforced Hides |
| 17:47 | Druid of the Claw |
| 17:48 | Dryad |
| 17:51 | Ancient of Lore |
| 18:11 | Moon Well |
| 19:05 | Druid of the Claw |
| 19:17 | Scroll of Town Portal |
| 19:26 | Druid of the Claw |
| 19:55 | Abolish Magic |
| 19:57 | Mark of the Claw |
| 20:12 | Frost Arrows |
| 20:22 | Druid of the Claw |
| 20:26 | Moon Well |
| 20:54 | Scroll of Town Portal |
| 21:52 | Dryad |
| 23:09 | Dryad |
| 23:09 | Dryad |
| 23:51 | Potion of Healing |
| 23:54 | Potion of Healing |
| 24:22 | Scroll of Town Portal |
| 25:31 | Storm Earth and Fire |
| Right click | 501 |
| Select group | 322 |
| Select | 316 |
| Build/train/purchase | 91 |
| Use ability | 83 |
| Assign group | 35 |
| Misc. action | 29 |
| Minimap ping | 9 |
| Resource trade | 5 |
| Chat | 4 |
| Remove unit | 2 |
198 units @ 32.5k
/ 4.5k
57 buildings @ 9.9k
/ 3.8k



| Rod of Necromancy | 2 | 300 |
| Potion of Mana | 7 | 1400 |
| Orb of Corruption | 1 | 375 |
| Potion of Healing | 2 | 300 |
| Scroll of Healing | 4 | 1000 |
| Scroll of Town Portal | 4 | 1400 |
| Potion of Lesser Invulnerability | 2 | 300 |
| total: | 22 | 5075g |
| Acolyte | 8 | 600 | / | 0 |
| Ghoul | 10 | 1200 | / | 0 |
| Crypt Fiend | 9 | 1935 | / | 360 |
| Obsidian Statue | 2 | 400 | / | 70 |
| Abomination | 2 | 480 | / | 140 |
| Frost Wyrm | 7 | 2695 | / | 840 |
| Gargoyle | 3 | 525 | / | 90 |
| total: | 41 | 7835g | / | 1500w |
| Nerubian Tower | 3 | 300 | / | 60 |
| Spirit Tower | 1 | 145 | / | 40 |
| Crypt | 2 | 400 | / | 100 |
| Altar of Darkness | 1 | 180 | / | 50 |
| Ziggurat | 7 | 1050 | / | 350 |
| Tomb of Relics | 1 | 130 | / | 30 |
| Graveyard | 1 | 215 | / | 0 |
| Slaughterhouse | 1 | 140 | / | 135 |
| Boneyard | 1 | 175 | / | 200 |
| Halls of the Dead | 1 | 320 | / | 210 |
| Black Citadel | 1 | 325 | / | 230 |
| total: | 14 | 2290g | / | 865w |
| 0:02 | Acolyte |
| 0:07 | Crypt |
| 0:09 | Altar of Darkness |
| 0:23 | Ziggurat |
| 0:31 | Acolyte |
| 0:58 | Tomb of Relics |
| 1:09 | Ghoul |
| 1:24 | Ziggurat |
| 1:27 | Ghoul |
| 1:47 | Ghoul |
| 2:02 | Nerubian Tower |
| 2:04 | Ghoul |
| 2:16 | Rod of Necromancy |
| 2:20 | Death Coil |
| 2:29 | Ghoul |
| 2:53 | Ghoul |
| 3:10 | Halls of the Dead |
| 3:24 | Ghoul |
| 3:49 | Ghoul |
| 3:53 | Graveyard |
| 4:00 | Unholy Aura |
| 4:28 | Ghoul |
| 4:42 | Ziggurat |
| 5:40 | Death Coil |
| 5:49 | Slaughterhouse |
| 6:02 | Black Citadel |
| 6:03 | Crypt Fiend |
| 6:22 | Ziggurat |
| 6:40 | Web |
| 6:50 | Potion of Mana |
| 7:06 | Frost Nova |
| 7:15 | Crypt Fiend |
| 7:51 | Crypt Fiend |
| 8:00 | Obsidian Statue |
| 8:11 | Potion of Mana |
| 8:28 | Acolyte |
| 8:35 | Ghoul Frenzy |
| 8:50 | Abomination |
| 9:32 | Disease Cloud |
| 9:47 | Scroll of Healing |
| 9:54 | Unholy Aura |
| 10:01 | Dark Ritual |
| 10:05 | Crypt Fiend |
| 10:27 | Orb of Corruption |
| 10:47 | Crypt Fiend |
| 11:18 | Ghoul |
| 11:38 | Boneyard |
| 11:41 | Creature Attack |
| 11:49 | Acolyte |
| 11:49 | Acolyte |
| 12:07 | Ziggurat |
| 12:12 | Scroll of Healing |
| 12:24 | Frost Nova |
| 13:04 | Acolyte |
| 13:04 | Acolyte |
| 13:06 | Ziggurat |
| 13:07 | Nerubian Tower |
| 13:21 | Crypt |
| 13:27 | Creature Carapace |
| 13:41 | Potion of Lesser Invulnerability |
| 13:46 | Scroll of Town Portal |
| 13:55 | Sleep |
| 14:29 | Frost Wyrm |
| 14:31 | Gargoyle |
| 15:12 | Ziggurat |
| 15:15 | Spirit Tower |
| 15:29 | Potion of Mana |
| 15:31 | Scroll of Town Portal |
| 15:37 | Potion of Healing |
| 16:09 | Frost Wyrm |
| 16:32 | Vampiric Aura |
| 16:40 | Death Coil |
| 17:05 | Frost Wyrm |
| 17:26 | Obsidian Statue |
| 17:42 | Potion of Mana |
| 17:43 | Potion of Healing |
| 17:51 | Nerubian Tower |
| 17:57 | Improved Creature Attack |
| 18:05 | Dark Ritual |
| 18:10 | Rod of Necromancy |
| 18:34 | Frost Wyrm |
| 19:11 | Gargoyle |
| 19:17 | Acolyte |
| 19:52 | Frost Wyrm |
| 19:59 | Sleep |
| 20:11 | Potion of Mana |
| 20:25 | Scroll of Town Portal |
| 20:34 | Gargoyle |
| 20:47 | Improved Creature Carapace |
| 21:46 | Unholy Aura |
| 21:56 | Frost Wyrm |
| 22:23 | Potion of Mana |
| 22:26 | Scroll of Town Portal |
| 22:29 | Scroll of Healing |
| 22:40 | Crypt Fiend |
| 22:49 | Frost Nova |
| 23:12 | Frost Wyrm |
| 23:19 | Vampiric Aura |
| 23:32 | Crypt Fiend |
| 23:44 | Potion of Mana |
| 23:46 | Scroll of Healing |
| 24:06 | Abomination |
| 24:10 | Crypt Fiend |
| 24:22 | Potion of Lesser Invulnerability |
| 24:50 | Crypt Fiend |
| 25:20 | Animate Dead |
| 25:35 | Death and Decay |
| Right click | 1506 |
| Select | 587 |
| Select group | 310 |
| Chat | 164 |
| Build/train/purchase | 136 |
| Assign group | 132 |
| Use ability | 112 |
| Misc. action | 31 |
| Item give/drop | 13 |
| Minimap ping | 13 |
| Esc | 3 |

| Potion of Healing | 2 | 300 |
| Potion of Mana | 1 | 200 |
| Scroll of Town Portal | 3 | 1050 |
| total: | 6 | 1550g |
| Acolyte | 7 | 525 | / | 0 |
| Ghoul | 16 | 1920 | / | 0 |
| Crypt Fiend | 32 | 6880 | / | 1280 |
| Frost Wyrm | 1 | 385 | / | 120 |
| total: | 56 | 9710g | / | 1400w |
| Spirit Tower | 4 | 580 | / | 160 |
| Crypt | 2 | 400 | / | 100 |
| Ziggurat | 8 | 1200 | / | 400 |
| Altar of Darkness | 1 | 180 | / | 50 |
| Graveyard | 1 | 215 | / | 0 |
| Tomb of Relics | 1 | 130 | / | 30 |
| Necropolis | 1 | 225 | / | 0 |
| Boneyard | 1 | 175 | / | 200 |
| Halls of the Dead | 1 | 320 | / | 210 |
| Black Citadel | 1 | 325 | / | 230 |
| total: | 15 | 2525g | / | 780w |
| 0:04 | Acolyte |
| 0:05 | Acolyte |
| 0:05 | Acolyte |
| 0:44 | Crypt |
| 0:47 | Ziggurat |
| 0:50 | Altar of Darkness |
| 1:00 | Ziggurat |
| 1:27 | Crypt |
| 1:52 | Ghoul |
| 2:13 | Ghoul |
| 2:14 | Ghoul |
| 2:28 | Graveyard |
| 2:31 | Ghoul |
| 2:42 | Ziggurat |
| 2:53 | Ghoul |
| 3:02 | Carrion Beetles |
| 3:05 | Ghoul |
| 3:17 | Ghoul |
| 3:29 | Ghoul |
| 3:41 | Ghoul |
| 3:54 | Ghoul |
| 4:07 | Ghoul |
| 4:28 | Ziggurat |
| 4:33 | Ghoul |
| 5:21 | Unholy Strength |
| 5:23 | Ghoul |
| 5:25 | Ghoul |
| 5:52 | Ghoul |
| 5:54 | Ghoul |
| 6:20 | Crypt Fiend |
| 6:24 | Crypt Fiend |
| 8:29 | Halls of the Dead |
| 8:32 | Spirit Tower |
| 8:38 | Unholy Armor |
| 8:41 | Crypt Fiend |
| 8:44 | Crypt Fiend |
| 9:14 | Crypt Fiend |
| 9:16 | Creature Attack |
| 9:18 | Crypt Fiend |
| 9:23 | Tomb of Relics |
| 9:24 | Spirit Tower |
| 10:10 | Crypt Fiend |
| 10:13 | Crypt Fiend |
| 10:48 | Crypt Fiend |
| 11:04 | Creature Carapace |
| 11:11 | Impale |
| 11:22 | Crypt Fiend |
| 12:51 | Crypt Fiend |
| 12:53 | Web |
| 12:54 | Improved Creature Attack |
| 13:21 | Crypt Fiend |
| 13:24 | Crypt Fiend |
| 13:49 | Crypt Fiend |
| 13:52 | Crypt Fiend |
| 14:25 | Crypt Fiend |
| 14:27 | Crypt Fiend |
| 14:29 | Improved Creature Carapace |
| 15:01 | Scroll of Town Portal |
| 16:09 | Necropolis |
| 16:14 | Crypt Fiend |
| 17:17 | Crypt Fiend |
| 17:20 | Crypt Fiend |
| 17:44 | Ziggurat |
| 18:06 | Crypt Fiend |
| 18:08 | Crypt Fiend |
| 18:18 | Acolyte |
| 19:19 | Acolyte |
| 19:20 | Acolyte |
| 19:20 | Acolyte |
| 19:28 | Scroll of Town Portal |
| 19:29 | Potion of Healing |
| 20:03 | Ziggurat |
| 20:10 | Black Citadel |
| 20:17 | Crypt Fiend |
| 20:18 | Crypt Fiend |
| 20:22 | Spiked Carapace |
| 21:09 | Crypt Fiend |
| 21:10 | Crypt Fiend |
| 22:11 | Potion of Healing |
| 22:12 | Potion of Mana |
| 22:13 | Scroll of Town Portal |
| 22:16 | Crypt Fiend |
| 22:17 | Crypt Fiend |
| 22:36 | Boneyard |
| 23:46 | Crypt Fiend |
| 23:48 | Crypt Fiend |
| 23:50 | Advanced Creature Attack |
| 23:51 | Frost Wyrm |
| 23:58 | Ziggurat |
| 24:00 | Ziggurat |
| 24:04 | Spirit Tower |
| 24:06 | Spirit Tower |
| 24:18 | Crypt Fiend |
| 24:19 | Crypt Fiend |
| Select | 241 |
| Right click | 185 |
| Build/train/purchase | 88 |
| Chat | 65 |
| Misc. action | 35 |
| Use ability | 12 |
| Minimap ping | 6 |
| Resource trade | 5 |


| Scroll of Town Portal | 6 | 2100 |
| Scroll of Healing | 1 | 250 |
| Potion of Lesser Invulnerability | 1 | 150 |
| total: | 8 | 2500g |
| Wisp | 15 | 900 | / | 0 |
| Archer | 14 | 1820 | / | 140 |
| Chimaera | 11 | 3630 | / | 770 |
| total: | 40 | 6350g | / | 910w |
| Altar of Elders | 1 | 180 | / | 50 |
| Moon Well | 8 | 1440 | / | 320 |
| Ancient of War | 2 | 300 | / | 120 |
| Hunter's Hall | 1 | 210 | / | 100 |
| Tree of Life | 1 | 340 | / | 185 |
| Chimaera Roost | 3 | 420 | / | 570 |
| Tree of Ages | 1 | 320 | / | 180 |
| Tree of Eternity | 1 | 330 | / | 200 |
| total: | 16 | 2890g | / | 1345w |
| 0:04 | Wisp |
| 0:04 | Wisp |
| 0:07 | Altar of Elders |
| 0:12 | Moon Well |
| 0:25 | Ancient of War |
| 0:32 | Wisp |
| 0:44 | Wisp |
| 0:55 | Wisp |
| 1:15 | Wisp |
| 1:22 | Wisp |
| 1:31 | Moon Well |
| 1:34 | Archer |
| 1:38 | Wisp |
| 1:58 | Ancient of War |
| 2:01 | Wisp |
| 2:03 | Wisp |
| 2:12 | Searing Arrows |
| 2:30 | Archer |
| 2:37 | Hunter's Hall |
| 3:02 | Moon Well |
| 3:27 | Tree of Ages |
| 3:35 | Archer |
| 3:49 | Strength of the Moon |
| 4:02 | Trueshot Aura |
| 4:06 | Archer |
| 4:16 | Archer |
| 4:25 | Archer |
| 5:11 | Moon Well |
| 5:12 | Moon Armor |
| 5:13 | Archer |
| 5:50 | Improved Bows |
| 5:59 | Archer |
| 6:08 | Searing Arrows |
| 6:18 | Moon Well |
| 6:19 | Improved Strength of the Moon |
| 6:52 | Archer |
| 7:19 | Archer |
| 7:39 | Scroll of Town Portal |
| 7:46 | Improved Moon Armor |
| 8:14 | Archer |
| 9:10 | Tree of Eternity |
| 9:32 | Archer |
| 9:57 | Searing Arrows |
| 9:58 | Trueshot Aura |
| 10:26 | Tree of Life |
| 10:52 | Scroll of Town Portal |
| 10:52 | Scroll of Healing |
| 11:01 | Archer |
| 11:35 | Marksmanship |
| 11:40 | Chimaera Roost |
| 11:58 | Chimaera Roost |
| 13:05 | Moon Well |
| 13:11 | Wisp |
| 13:12 | Wisp |
| 13:12 | Wisp |
| 13:12 | Wisp |
| 13:12 | Wisp |
| 13:17 | Archer |
| 14:12 | Chimaera |
| 14:14 | Corrosive Breath |
| 14:15 | Chimaera |
| 14:27 | Moon Well |
| 14:33 | Strength of the Wild |
| 14:55 | Chimaera |
| 15:08 | Scroll of Town Portal |
| 15:20 | Chimaera Roost |
| 16:23 | Chimaera |
| 17:18 | Chimaera |
| 17:18 | Chimaera |
| 17:28 | Moon Well |
| 17:29 | Chimaera |
| 17:32 | Scroll of Town Portal |
| 17:32 | Potion of Lesser Invulnerability |
| 17:43 | Reinforced Hides |
| 18:45 | Starfall |
| 19:20 | Scroll of Town Portal |
| 19:57 | Chimaera |
| 21:11 | Chimaera |
| 21:15 | Entangling Roots |
| 21:17 | Scroll of Town Portal |
| 21:28 | Improved Strength of the Wild |
| 22:57 | Chimaera |
| 23:17 | Trueshot Aura |
| 23:37 | Force of Nature |
| 23:45 | Improved Reinforced Hides |
| 25:06 | Chimaera |
| 25:20 | Entangling Roots |
| Select group | 729 |
| Right click | 438 |
| Select | 267 |
| Misc. action | 242 |
| Build/train/purchase | 87 |
| Assign group | 55 |
| Chat | 36 |
| Minimap ping | 21 |
| Use ability | 15 |

| Scroll of Town Portal | 1 | 350 |
| total: | 1 | 350g |
| Wisp | 21 | 1260 | / | 0 |
| Archer | 7 | 910 | / | 70 |
| Huntress | 33 | 6435 | / | 660 |
| total: | 61 | 8605g | / | 730w |
| Altar of Elders | 1 | 180 | / | 50 |
| Moon Well | 5 | 900 | / | 200 |
| Ancient of War | 2 | 300 | / | 120 |
| Ancient of Wonders | 1 | 90 | / | 30 |
| Hunter's Hall | 1 | 210 | / | 100 |
| Tree of Life | 1 | 340 | / | 185 |
| Ancient of Wind | 1 | 150 | / | 140 |
| Tree of Ages | 1 | 320 | / | 180 |
| Tree of Eternity | 2 | 660 | / | 400 |
| total: | 12 | 2170g | / | 825w |
| 0:04 | Wisp |
| 0:04 | Wisp |
| 0:05 | Wisp |
| 0:10 | Altar of Elders |
| 0:16 | Moon Well |
| 0:53 | Ancient of War |
| 0:55 | Wisp |
| 1:02 | Wisp |
| 1:03 | Wisp |
| 1:28 | Wisp |
| 1:29 | Wisp |
| 2:00 | Archer |
| 2:00 | Archer |
| 2:03 | Moon Well |
| 2:07 | Ancient of Wonders |
| 2:27 | Archer |
| 2:32 | Moon Well |
| 3:39 | Archer |
| 3:39 | Archer |
| 3:50 | Hunter's Hall |
| 3:53 | Archer |
| 4:08 | Force of Nature |
| 4:35 | Archer |
| 4:39 | Tree of Ages |
| 5:11 | Moon Well |
| 5:28 | Huntress |
| 5:28 | Huntress |
| 5:32 | Strength of the Moon |
| 6:06 | Moon Well |
| 7:46 | Thorns Aura |
| 7:52 | Ancient of War |
| 7:53 | Huntress |
| 7:53 | Huntress |
| 7:54 | Huntress |
| 7:54 | Huntress |
| 7:54 | Moon Glaive |
| 8:17 | Tree of Eternity |
| 8:22 | Wisp |
| 8:22 | Wisp |
| 8:22 | Wisp |
| 8:22 | Wisp |
| 8:22 | Wisp |
| 8:23 | Wisp |
| 8:23 | Wisp |
| 8:23 | Wisp |
| 8:57 | Huntress |
| 9:05 | Huntress |
| 9:09 | Ultravision |
| 9:18 | Tree of Eternity |
| 10:26 | Huntress |
| 10:27 | Huntress |
| 10:31 | Improved Strength of the Moon |
| 10:52 | Entangling Roots |
| 13:23 | Huntress |
| 13:23 | Huntress |
| 13:24 | Huntress |
| 13:24 | Huntress |
| 13:45 | Advanced Strength of the Moon |
| 13:46 | Moon Armor |
| 14:12 | Ancient of Wind |
| 15:10 | Huntress |
| 15:10 | Huntress |
| 16:06 | Huntress |
| 16:12 | Tree of Life |
| 16:33 | Force of Nature |
| 17:03 | Huntress |
| 17:29 | Huntress |
| 18:09 | Huntress |
| 19:18 | Wisp |
| 19:18 | Wisp |
| 19:18 | Wisp |
| 19:18 | Wisp |
| 19:19 | Wisp |
| 19:22 | Huntress |
| 19:52 | Huntress |
| 20:59 | Improved Moon Armor |
| 21:01 | Huntress |
| 22:04 | Thorns Aura |
| 22:27 | Huntress |
| 22:28 | Huntress |
| 22:28 | Huntress |
| 22:28 | Huntress |
| 23:40 | Advanced Moon Armor |
| 23:41 | Huntress |
| 23:41 | Huntress |
| 23:42 | Huntress |
| 23:42 | Huntress |
| 24:11 | Scroll of Town Portal |
| 24:49 | Tranquility |
| 25:44 | Huntress |
| 25:45 | Well Spring |
| 25:47 | Huntress |
| Right click | 1153 |
| Select | 384 |
| Misc. action | 94 |
| Build/train/purchase | 88 |
| Use ability | 27 |
| Chat | 17 |
| Resource trade | 5 |
| Remove unit | 1 |
| Esc | 1 |
| Minimap ping | 1 |
⇛